 Dungeon Crawl Stone Soup version 0.26.0-10-g1f06aea511 (webtiles) character file.

Game seed: 6998745282153140207

57897 Arum the Warrior (level 15, -2/134 HPs)
             Began as a Formicid Fighter on Jan 22, 2021.
             Was the Champion of the Shining One.
             Slain by an ettin
             ... wielding a +2 dire flail of protection
              (12 damage)
             ... on level 2 of the Orcish Mines.
             The game lasted 00:33:06 (19108 turns).

Arum the Warrior (Formicid Fighter)                Turns: 19108, Time: 00:33:07

Health: -2/134     AC: 23    Str: 26    XL:     15   Next: 27%
Magic:  21/21      EV:  9    Int:  9    God:    the Shining One [******]
Gold:   1845       SH: 11    Dex:  7    Spells: 14/14 levels left

rFire    + + .     SeeInvis +   q - +2 lajatang
rCold    + . .     Faith    .   c - +0 kite shield
rNeg     + + +     Spirit   .   f - +2 chain mail {rC+}
rPois    .         Reflect  .   (helmet unavailable)
rElec    .         Harm     .   g - +1 cloak {rCorr}
rCorr    +         Rampage  .   x - +0 pair of gloves
Will     +....                  (no boots)
Stlth    ..........             A - amulet of regeneration
HPRegen  0.72/turn              I - ring of Risuisit {rF+ rN++ Dex-3}
MPRegen  0.17/turn              t - ring "Pygoe" {rF+ AC+4}

@: glowing, studying Fighting
A: permanent stasis, dig shafts and tunnels, four strong arms, antennae 3
a: Dig, Shaft Self, Renounce Religion, Divine Shield, Cleansing Flame, Summon
Divine Warrior, Brand Weapon With Holy Wrath


You were on level 2 of the Orcish Mines.
You worshipped the Shining One.
The Shining One was exalted by your worship.
You visited 3 branches of the dungeon, and saw 18 of its levels.

You collected 2187 gold pieces.
You spent 245 gold pieces at shops.
You donated 97 gold pieces to Zin.

Inventory:

Hand Weapons
 a - a +0 quarterstaff
 q - a +2 lajatang (weapon)
 F - the +1 quarterstaff "Pimo" {vorpal, rC++ Will+}
   (You took it off an orc sorcerer on level 11 of the Dungeon)

   It inflicts extra damage upon your enemies.
   It greatly protects you from cold.
   It affects your willpower, your defense against some magical effects.
 N - a +0 lajatang
 Q - a +2 spectral quarterstaff
Missiles
 G - 4 throwing nets
Armour
 c - a +0 kite shield (worn)
 f - a +2 chain mail of cold resistance (worn)
 g - a +1 cloak of preservation (worn)
 v - a +1 tower shield
 x - a +0 pair of gloves (worn)
Jewellery
 t - the ring "Pygoe" (right hand) {rF+ AC+4}
   (You found it on level 9 of the Dungeon)

   [ring of protection]

   It affects your AC (+4).
   It protects you from fire.
 u - an uncursed ring of poison resistance
 A - an amulet of regeneration (around neck)
 E - an uncursed ring of willpower
 I - the ring of Risuisit (left hand) {rF+ rN++ Dex-3}
   (You found it on level 11 of the Dungeon)

   [ring of protection from fire]

   It affects your dexterity (-3).
   It protects you from fire.
   It greatly protects you from negative energy.
 L - an uncursed amulet of magic regeneration
 O - the ring of Zobuecs {rF+ rC+ Dex+2 SInv}
   (You took it off a centaur on level 14 of the Dungeon)

   [ring of protection from fire]

   It affects your dexterity (+2).
   It protects you from fire.
   It protects you from cold.
   It lets you see invisible.
Wands
 b - a wand of iceblast (6)
 m - a wand of acid (5)
 s - a wand of enslavement (12)
 D - a wand of flame (65)
Scrolls
 h - 5 scrolls of enchant armour
 k - a scroll of summoning
 o - 10 scrolls of remove curse
 r - a scroll of identify
 w - 2 scrolls of amnesia
 y - 2 scrolls of magic mapping
 K - a scroll of fog
Potions
 d - a potion of might
 e - 6 potions of curing
 i - 3 potions of mutation
 n - 5 potions of lignification
 p - 3 potions of magic
 z - 3 potions of brilliance
 B - 4 potions of flight
 C - 2 potions of cancellation
 J - 2 potions of attraction
Books
 H - a manual of Fighting
Miscellaneous
 M - a lightning rod (4/4)


   Skills:
 + Level 17.1 Fighting
 + Level 13.9 Staves
 + Level 14.1 Armour
 - Level 9.0 Shields
 + Level 9.2 Invocations


You had 14 spell levels left.
You didn't know any spells.
Your spell library contained the following spells:

 Spells                   Type           Power        Failure   Level
 Magic Dart               Conj           0%           85%         1
 Summon Small Mammal      Summ           0%           85%         1
 Call Imp                 Summ           0%           94%         2
 Slow                     Hex            0%           94%         2
 Call Canine Familiar     Summ           0%           99%         3
 Confusing Touch          Hex            0%           99%         3
 Conjure Flame            Conj/Fire      0%           99%         3
 Gell's Gravitas          Tloc           0%           99%         3
 Mephitic Cloud           Conj/Pois/Air  0%           99%         3
 Summon Guardian Golem    Hex/Summ       0%           99%         3
 Animate Dead             Necr           0%           100%        4
 Petrify                  Tmut/Erth      0%           100%        4
 Summon Ice Beast         Ice/Summ       0%           100%        4
 Summon Lightning Spire   Summ/Air       0%           100%        4
 Borgnjor's Vile Clutch   Necr/Erth      0%           100%        5
 Metabolic Englaciation   Hex/Ice        0%           100%        5
 Silence                  Hex/Air        0%           100%        5
 Yara's Violent Unravell  Hex/Tmut       0%           100%        5
 Conjure Ball Lightning   Conj/Air       0%           100%        6
 Death Channel            Necr           0%           100%        6
 Simulacrum               Ice/Necr       0%           100%        6
 Tornado                  Air            0%           100%        9
 Blink                    Tloc           Unusable     N/A         2

Dungeon Overview and Level Annotations

Branches:
Dungeon (15/15)            Temple (1/1) D:6            Lair (0/6) D:8
    Orc (2/2) D:11            Elf (0/3) Orc:2        Vaults (0/5) D:13
 Depths (0/5) D:15

Altars:
Ashenzari
Cheibriados
Dithmenos
Elyvilon
Fedhas
Gozag
Hepliaklqana
Kikubaaqudgha
Makhleb
Nemelex Xobeh
Okawaru
Qazlal
Ru
Sif Muna
Trog
Uskayaw
Vehumet
Wu Jian
Xom
Yredelemnul
Zin
The Shining One
Beogh

Shops:
D:8 *   D:12 ***

Annotations:
D:10 3 runed translucent doors, Vito's ghost, journeyman VSWn
D:11 exclusion: 2 statues


Innate Abilities, Weirdness & Mutations

You cannot be hasted, slowed, berserked, paralysed or teleported.
You can dig through walls and to a lower floor.
Your four strong arms can wield two-handed weapons with a shield.
You have a pair of large antennae on your head. (SInv)


Message History

You feel much better. You block the ettin's attack. x2
You feel much better.
The ettin hits you with a +2 dire flail of protection!!
* * * LOW HITPOINT WARNING * * *
The ettin hits you with a +0 dire flail!!
* * * LOW HITPOINT WARNING * * *
You feel much better. The ettin barely misses you. The ettin misses you.
You feel much better.
The ettin hits you with a +2 dire flail of protection!
The ettin hits you with a +0 dire flail!!
* * * LOW HITPOINT WARNING * * *
Okay, then.
You slash the ettin!
The ettin is heavily wounded.
You hit the ettin but do no damage.
The ettin is heavily wounded.
The ettin hits you with a +2 dire flail of protection.
* * * LOW HITPOINT WARNING * * *
The ettin hits you with a +0 dire flail!
You die...

.....##.......##
)........#.....#
.....#*,##.....#
.)...#**#......#
....### ##.....#
....#.###.....#*
#.$....o.{o.{{###
.........{..{{#C##
.....#....o.{{{#@#
............{{{###
..#..........{##
..............#*
..............$#
.#............##
.......$.......*
...,,,.........*
,,,,,,,,,,,,,,**


You could see an ettin.

Vanquished Creatures
  Rupert (D:12)
  Frances (D:13)
  A yaktaur captain (D:15)
  The ghost of Arum the Fighter, a journeyman FoFi of Makhleb (D:12)
  3 fire dragons
  An ogre mage (D:11)
  Harold (D:9)
  5 hydras
  2 boulder beetles
  Erica (D:8)
  5 centaur warriors
  5 two-headed ogres
  A death knight (D:11)
  2 tengu warriors (D:13)
  A fire crab (shapeshifter) (D:15)
  4 skeletal warriors (D:15)
  An unseen horror (D:14)
  2 wizards
  A phantasmal warrior (D:12)
  4 orc knights
  A lindwurm (shapeshifter) (D:13)
  A wolf spider (D:12)
  4 orc sorcerers
  A mana viper (shapeshifter) (D:14)
  A cyclops (Orc:2)
  4 manticores
  8 ugly things
  A black mamba (shapeshifter) (D:13)
  Joseph (D:8)
  A cane toad (shapeshifter) (D:14)
  2 gargoyles
  A yaktaur (D:15)
  Maggie (D:7)
  A kobold demonologist (D:7)
  A freezing wraith (D:14)
  A rime drake (shapeshifter) (D:11)
  2 efreet
  A tengu conjurer (D:13)
  3 meliai (D:15)
  3 trolls
  Grinder (D:5)
  6 slime creatures (D:13)
  A spriggan (D:8)
  10 yaks (D:13)
  4 shadows
  3 wyverns
  A vampire (D:12)
  2 basilisks
  3 wraiths
  6 vampire mosquitoes
  2 wargs (Orc:1)
  A warg (shapeshifter) (D:13)
  An acid dragon (D:11)
  2 water moccasins
  10 orc warriors
  Duvessa (D:6)
  An eye of draining (D:8)
  6 ice beasts
  A necrophage (D:13)
  A phantom (D:6)
  3 black bears
  9 ogres
  14 centaurs
  4 big kobolds
  A wyvern zombie (D:15)
  16 bullfrogs
  Blork the orc (D:6)
  Dowan (D:6)
  A wyvern skeleton (D:15)
  2 scorpions
  21 wights
  18 killer bees
  3 howler monkeys
  4 centaur zombies
  A wyvern simulacrum (D:11)
  11 hounds
  2 jellies
  8 orc priests
  2 bullfrog skeletons (D:7)
  3 centaur skeletons
  5 iguanas
  16 orc wizards
  9 worker ants
  2 hound skeletons
  A worker ant zombie (D:9)
  A howler monkey zombie (D:8)
  4 gnolls (D:2)
  A howler monkey skeleton (D:8)
  11 adders
  A shadow imp (D:10)
  2 white imps
  2 ufetubi
  3 oozes
  An adder zombie (D:7)
  An adder skeleton (D:4)
  2 worms
  7 dart slugs (D:3)
  5 leopard geckos
  60 orcs
  12 giant cockroaches
  7 goblins
  5 hobgoblins
  9 jackals
  23 kobolds
  10 quokkas
  2 ball pythons
  11 bats
  5 frilled lizards
  A leopard gecko skeleton (D:7)
  A quokka skeleton (D:5)
  2 quokka zombies (D:8)
  8 rats
  A rat zombie (D:6)
501 creatures vanquished.

Vanquished Creatures (others)
  Maurice (D:8)
  11 fungi (D:8)
  12 plants (D:8)
24 creatures vanquished.

Grand Total: 525 creatures vanquished

Notes
Turn   | Place    | Note
-------+----------+-------------------------------------------
     0 | D:1      | Arum the Formicid Fighter began the quest for the Orb.
     0 | D:1      | Reached XP level 1. HP: 18/18 MP: 1/1
    79 | D:1      | Reached XP level 2. HP: 24/24 MP: 2/2
   433 | D:1      | Reached XP level 3. HP: 29/29 MP: 3/3
  1003 | D:2      | Reached XP level 4. HP: 30/37 MP: 4/4
  1164 | D:2      | Reached skill level 4 in Fighting
  1551 | D:2      | You fall into a shaft and drop 2 floors!
  1558 | D:4      | Reached XP level 5. HP: 41/42 MP: 5/5
  1734 | D:4      | Reached XP level 6. HP: 49/49 MP: 6/6
  1796 | D:4      | Reached skill level 5 in Shields
  1901 | D:4      | Noticed an angel
  1902 | D:4      | Found a glowing silver altar of Zin.
  1911 | D:4      | Found a shimmering altar of Xom.
  1914 | D:4      | Became a worshipper of Zin the Law-Giver
  1914 | D:4      | Reached * piety under Zin
  2550 | D:3      | Noticed an ogre
  2564 | D:3      | Killed an ogre
  2565 | D:3      | Reached skill level 5 in Fighting
  2565 | D:3      | Reached skill level 5 in Armour
  2565 | D:3      | Reached XP level 7. HP: 50/56 MP: 7/7
  2634 | D:3      | Reached ** piety under Zin
  2810 | D:3      | Found a sacrificial altar of Ru.
  2812 | D:3      | Found a stormy altar of Qazlal.
  2812 | D:3      | Found a white marble altar of Elyvilon.
  3599 | D:5      | Entered Level 5 of the Dungeon
  3702 | D:5      | Noticed Grinder
  3735 | D:5      | Killed Grinder
  3858 | D:5      | Reached *** piety under Zin
  4282 | D:6      | Found a staircase to the Ecumenical Temple.
  4302 | D:6      | Reached XP level 8. HP: 58/63 MP: 9/9
  4304 | Temple   | Entered the Ecumenical Temple
  4414 | D:6      | Reached **** piety under Zin
  4418 | D:6      | Noticed Duvessa
  4418 | D:6      | Noticed Dowan
  4434 | D:6      | Killed Duvessa
  4439 | D:6      | Killed Dowan
  4609 | D:6      | Reached skill level 6 in Fighting
  4793 | D:6      | Reached skill level 5 in Staves
  5150 | D:6      | Found an ancient bone altar of Kikubaaqudgha.
  5204 | D:6      | Noticed Blork the orc
  5212 | D:6      | Killed Blork the orc
  5222 | D:6      | Reached ***** piety under Zin
  5323 | D:6      | Found an ornate altar of the Wu Jian Council.
  5631 | D:6      | HP: 3/65 [poisoned by a killer bee]
  5636 | D:6      | HP: 2/65 [poisoned by a killer bee]
  5643 | D:6      | HP: 2/65 [poisoned by a killer bee]
  5651 | D:6      | HP: 1/65 [poisoned by a killer bee]
  6051 | D:7      | Noticed a kobold demonologist
  6059 | D:7      | Reached XP level 9. HP: 62/71 MP: 12/12
  6081 | D:7      | Noticed an orange demon
  6089 | D:7      | Noticed an orange demon
  6090 | D:7      | Killed a kobold demonologist
  6099 | D:7      | Reached skill level 7 in Fighting
  6099 | D:7      | Reached skill level 5 in Invocations
  6310 | D:7      | Noticed Maggie
  6335 | D:7      | Killed Maggie
  7177 | D:7      | Reached XP level 10. HP: 80/80 MP: 14/14
  7194 | D:7      | Found a shadowy altar of Dithmenos.
  7194 | D:7      | Noticed a manticore
  7206 | D:7      | Killed a manticore
  7207 | D:7      | Reached skill level 8 in Fighting
  8017 | D:8      | Noticed Maurice
  8066 | D:8      | Killed Maurice
  8398 | D:8      | Noticed Erica
  8416 | D:8      | Found Xalicroc's General Store.
  8512 | D:8      | Killed Erica
  8513 | D:8      | Reached skill level 9 in Fighting
  8612 | D:8      | Reached XP level 11. HP: 52/89 MP: 17/17
  8634 | D:8      | Noticed Joseph
  8681 | D:8      | Killed Joseph
  9047 | D:8      | Reached ****** piety under Zin
  9224 | D:8      | Found a staircase to the Lair.
  9420 | D:9      | Got a crude iron ring
  9421 | D:9      | Identified the ring "Pygoe" {rF+ AC+4} (You found it on
                  | level 9 of the Dungeon)
  9429 | D:9      | Found a broken altar of Ashenzari.
  9457 | D:9      | Noticed a two-headed ogre
  9474 | D:9      | Killed a two-headed ogre
  9998 | D:9      | Reached skill level 10 in Fighting
 10035 | D:9      | Noticed Harold
 10049 | D:9      | Killed Harold
 10333 | D:10     | Entered Level 10 of the Dungeon
 10635 | D:10     | Noticed a green ugly thing
 10636 | D:10     | Found a runed translucent gate.
 10636 | D:10     | Found a runed translucent gate.
 10636 | D:10     | Found a runed translucent gate.
 10636 | D:10     | Noticed Vito's ghost (journeyman VSWn)
 11113 | Temple   | Fell from the grace of Zin
 11113 | Temple   | Became a worshipper of the Shining One
 11113 | Temple   | Reached * piety under the Shining One
 11113 | Temple   | Reached ** piety under the Shining One
 11113 | Temple   | Reached *** piety under the Shining One
 11644 | D:11     | Noticed a two-headed ogre
 11651 | D:11     | Killed a two-headed ogre
 11764 | D:11     | Noticed a red ugly thing
 11770 | D:11     | Killed a red ugly thing
 11862 | D:11     | Found a staircase to the Orcish Mines.
 11865 | D:11     | Reached XP level 12. HP: 99/99 MP: 18/18
 11900 | D:11     | Reached **** piety under the Shining One
 11956 | D:11     | Noticed a boulder beetle
 11977 | D:11     | Killed a boulder beetle
 12084 | D:11     | Reached skill level 11 in Fighting
 12164 | D:11     | Got a bound amber ring
 12368 | D:11     | Identified the ring of Risuisit {rF+ rN++ Dex-3} (You found
                  | it on level 11 of the Dungeon)
 12399 | D:11     | Reached skill level 10 in Staves
 12715 | D:11     | Noticed an ogre mage
 12715 | D:11     | Noticed a fire dragon
 12715 | D:11     | Noticed an eight-headed hydra
 12729 | D:11     | Killed a fire dragon
 12734 | D:11     | Killed an ogre mage
 12759 | D:11     | Killed an eight-headed hydra
 12760 | D:11     | Reached skill level 10 in Armour
 12942 | D:11     | Identified the cursed +1 quarterstaff "Pimo" {vorpal, rC++
                  | Will+}
 12946 | D:11     | Noticed a sun demon
 13049 | D:11     | Noticed a death knight
 13082 | D:11     | Killed a death knight
 13083 | D:11     | Reached skill level 12 in Fighting
 13623 | D:12     | Noticed Rupert
 13639 | D:12     | Killed Rupert
 13640 | D:12     | Reached XP level 13. HP: 34/108 MP: 19/19
 13836 | D:12     | Found a runed translucent gate.
 13837 | D:12     | Found a runed translucent gate.
 13838 | D:12     | Found a runed translucent gate.
 13839 | D:12     | Found an opulent altar of Gozag.
 13839 | D:12     | Found Jeisitur's Assorted Antiques.
 13840 | D:12     | Found Abbunef's Assorted Antiques.
 13840 | D:12     | Noticed Arum's ghost (journeyman FoFi)
 13888 | D:12     | Found a hazy altar of Hepliaklqana.
 13920 | D:12     | Found Ablik's Assorted Antiques.
 14170 | D:12     | Killed Arum's ghost
 14522 | D:12     | Bought a scroll labelled HELUAH IZXOBRED for 33 gold pieces
 14522 | D:12     | Bought a purple potion for 29 gold pieces
 14522 | D:12     | Bought a scroll labelled CEUROWNAEN for 33 gold pieces
 14528 | D:12     | Acquired a manual of Fighting
 14540 | D:12     | Bought a triangular brass amulet for 150 gold pieces
 14594 | D:13     | Reached ***** piety under the Shining One
 14630 | D:13     | Reached skill level 13 in Fighting
 14970 | D:13     | Noticed a four-headed hydra
 14980 | D:13     | Killed a four-headed hydra
 15051 | D:13     | Noticed a seven-headed hydra
 15059 | D:13     | Killed a seven-headed hydra
 15143 | D:13     | Reached skill level 14 in Fighting
 15215 | D:13     | Found a gate to the Vaults.
 15286 | D:13     | Noticed Frances
 15301 | D:13     | Killed Frances
 15302 | D:13     | Reached XP level 14. HP: 67/121 MP: 20/20
 15944 | D:14     | Reached skill level 15 in Fighting
 16210 | D:14     | Identified the cursed +1 glaive of Wariness {pain, *Drain
                  | rPois Will+ Int+7}
 16210 | D:14     | Identified the ring of Zobuecs {rF+ rC+ Dex+2 SInv}
 16387 | D:14     | Found a glowing silver altar of Zin.
 16529 | D:14     | Reached skill level 16 in Fighting
 16757 | D:15     | Entered Level 15 of the Dungeon
 16991 | D:15     | Reached ****** piety under the Shining One
 17193 | D:15     | Found a snail-covered altar of Cheibriados.
 17475 | D:15     | Reached XP level 15. HP: 78/132 MP: 21/21
 18030 | D:15     | Found a staircase to the Depths.
 18241 | D:15     | Found a glowing golden altar of the Shining One.
 18511 | Orc:1    | Entered Level 1 of the Orcish Mines
 18569 | Orc:1    | Reached skill level 17 in Fighting
 18641 | Orc:1    | Found a roughly hewn altar of Beogh.
 19011 | Orc:2    | Entered Level 2 of the Orcish Mines
 19020 | Orc:2    | Found a staircase to the Elven Halls.
 19108 | Orc:2    | Slain by an ettin

Illustrated notes

Levels and vault maps discovered:
D:1:      tarquinn_simple_flora_water_b, layout_basic, hex_tiny
D:2:      layout_basic
D:3:      kennysheep_slugbush, layout_loops_ring, grunt_temple_overflow_diamond,
          grunt_ministairs_6
D:4:      layout_cave_pools, grunt_temple_overflow_order_and_chaos_1
D:5:      layout_loops_cross, lemuel_flame_loot_1, uniq_grinder
D:6:      layout_basic, lemuel_zombie_altar_kikubaaqudgha,
          pdpol_wu_jian_five_deadly_venoms, minmay_temple_entry_butterflies,
          minmay_fountain_box, kennysheep_small_spiral, uniq_duvessa,
          uniq_blork_the_orc
D:7:      minmay_opposing_rooms, layout_basic, grunt_dithmenos_smoke,
          uniq_maggie
D:8:      layout_rooms, grunt_lair_entry_orc_guard_hut, serial_shops,
          nicolae_shop_behind_doors, the_bakery, uniq_joseph, uniq_erica,
          uniq_maurice
D:9:      layout_irregular_city, lemuel_crystal_altar, uniq_harold
D:10:     layout_loops_ring, gammafunk_ghost_split, billiards_dpeg
D:11:     minmay_the_grid_plus_closed [minmay_the_grid_box_x,
          minmay_the_grid_small_cups, minmay_the_grid_tri_star,
          minmay_the_grid_embedded, minmay_the_grid_prize_big_room],
          layout_layer_cave, david_orc_3, hangedman_decor_peaks_small,
          minmay_dual_archer_statues
D:12:     layout_roguey, basic_altar, serial_shops, shop_fountains,
          ebering_ghost_gozag, uniq_rupert
D:13:     layout_loops_ring, david_vaults_2, uniq_frances
D:14:     minmay_crescents, layout_basic, lemuel_doored_altar
D:15:     grunt_enter_depths_snipers, layout_layer_cave, basic_altar,
          nicolae_tso_carved_into_rock, minivault_24
Temple:   nicolae_temple_figure_eight
Orc:1:    layout_caves, mines2_david
Orc:2:    st_orc_rangers, layout_caves, enter_volcano_2, uniq_nessos

Skill      XL: |  1  2  3  4  5  6  7  8  9 10 11 12 13 14 15 |
---------------+----------------------------------------------+-----
Shields        | 4 5 6 7 8 9 |  9.0
Fighting       | 4 5 6 7 9 10 12 14 16 17 | 17.1
Armour         | 4 5 6 8 10 12 13 14 | 14.1
Staves         | 3 4 5 6 8 9 11 12 13 | 13.9
Invocations    | 2 4 6 8 9 |  9.2

Action                   |  1- 3 |  4- 6 |  7- 9 | 10-12 | 13-15 || total
-------------------------+-------+-------+-------+-------+-------++-------
Melee: Quarterstaff      |    68 |   180 |   410 |   138 |   416 ||  1212
       Lajatang          |       |       |    17 |   606 |   413 ||  1036
 Abil: Dig               |     1 |     1 |       |     4 |    17 ||    23
Evoke: Wand              |       |       |    11 |     7 |       ||    18
  Use: Scroll            |       |       |    18 |    13 |     7 ||    38
       Potion            |       |       |       |     3 |     9 ||    12
Armor: Scale mail        |     7 |       |       |       |       ||     7
       Chain mail        |    30 |    88 |   173 |   335 |   269 ||   895
Dodge: Dodged            |    19 |    43 |   123 |   201 |   145 ||   531
Block: Kite shield       |    28 |   117 |   235 |   411 |   357 ||  1148
